[Event "Open NK Rapid 2025 bord 26-50"]
[Site "Helmond, Netherlands"]
[Date "2025.05.03"]
[Round "7.24"]
[White "Westveer, Riny"]
[Black "Rogozyanskiy, Alexander"]
[Result "0-1"]
[TimeControl "15 min +5 sec increment"]
[WhiteFideId "1088734"]
[BlackFideId "1092138"]
[WhiteElo "1876"]
[BlackElo "1726"]

1. d4 Nf6 2. c4 e6 3. Nf3 b6 4. g3 Bb7 5. Bg2 Bb4+ 6. Bd2 Bxd2+ 7. Qxd2 O-O 8. Nc3 d6 9. O-O Ne4 10. Nxe4 Bxe4 11. Rac1 Nd7 12.
Rfd1 a5 13. a3 a4 14. Ne1 Bxg2 15. Kxg2 f5 16. Nd3 Qf6 17. Nb4 g5 18. e3 Qg6 19. Rc3 Nf6 20. Qe2 Rae8 21. Nc6 h5 22.
Qc2 Rf7 23. Qxa4 Rh7 24. f3 g4 25. f4 h4 26. Rcc1 Ne4 27. b4 Kf7 28. c5 Reh8 29. Rh1 hxg3 30. Ne5+ dxe5 31. Qd7+ Kf8 32. Qd8+ Qe8 33. Qxe8+ Kxe8 34.
hxg3 Rxh1 35. Rxh1 Rxh1 36. cxb6 Rh8 37. b7 Kd7 0-1

[Event "Open NK Rapid 2025 bord 26-50"]
[Site "Helmond, Netherlands"]
[Date "2025.05.03"]
[Round "7.25"]
[White "Gergin, Isafara"]
[Black "Messaoudi, Nino"]
[Result "0-1"]
[TimeControl "15 min +5 sec increment"]
[WhiteFideId "1082167"]
[BlackFideId "1099930"]
[WhiteElo "1779"]
[BlackElo "1875"]

1. e4 e6 2. d4 d5 3. Nd2 c5 4. exd5 Qxd5 5. Ngf3 cxd4 6.
Bc4 Qd6 7. Nb3 Qb4+ 8. Nbd2 Nc6 9. O-O Nf6 10. a3 Qb6 11. Nb3 a6 12. Nbxd4 Nxd4 13. Qxd4 Qxd4 14. Nxd4 Bc5 15. Nf3 O-O 16.
b4 Ba7 17. Bb2 b5 18. Bb3 Bb7 19. Ne5 Rac8 20. Rac1 h6 21. c4 bxc4 22. Bxc4 Rfd8 23. Rcd1 Ne4 24. Bd3 f6 25. Ng6 Kf7 26.
Nf4 e5 27. Nh3 g5 28. Bxe4 Bxe4 29. Rxd8 Rxd8 30. Kh1 Rd2 31. f3 Bd3 32. Rc1 Kg6 33. Bc3 Ra2 34. g3 Rxa3 35. Bxe5 Be2 36.
Ng1 Bxg1 37. Kxg1 fxe5 38. Rc6+ Kf5 39. Rxh6 Bxf3 0-1

[Event "Open NK Rapid 2025 bord 26-50"]
[Site "Helmond, Netherlands"]
[Date "2025.05.03"]
[Round "8.1"]
[White "Rogozyanskiy, Alexander"]
[Black "Uddin, Ahnaf Tajwar"]
[Result "0-1"]
[TimeControl "15 min +5 sec increment"]
[WhiteFideId "1092138"]
[BlackFideId "1050842"]
[WhiteElo "1726"]
[BlackElo "2081"]

1. e4 b6 2. d4 Bb7 3.
Nc3 e6 4. a3 Nf6 5. Bd3 d5 6. e5 Ng8 7. Nce2 c5 8. c3 c4 9. Bc2 b5 10. f4 g6 11. Be3 h5 12. Nf3 Nc6 13.
Ng5 Nh6 14. Ng1 Be7 15. N1f3 Nf5 16. Qe2 a5 17. O-O b4 18. axb4 axb4 19. Bxf5 gxf5 20. Bf2 Na5 21. Bh4 Nb3 22.
Rxa8 Qxa8 23. cxb4 Bxb4 24. Be1 Qa5 25. Bxb4 Qxb4 26. Qd1 Ke7 27. Qe1 Qxe1 28. Rxe1 Ra8 29. Nh7 Ra2 30. Rb1 Bc6 31.
g3 Ba4 32. Nf6 Na1 33. Nxh5 Bc2 34. Rc1 Be4 35. Nd2 Nb3 36. Nxb3 cxb3 37. h4 Rxb2 38. Rc7+ Kd8 39. Rxf7 Rg2+ 40. Kf1 b2 41. Rb7 Rh2 42. Ng7 b1=Q+ 43. Rxb1 Bxb1 44.
Nxe6+ Ke7 45. Ng5 Be4 46. Nxe4 dxe4 47. d5 e3 48. h5 Rxh5 49. Ke2 Rh3 50. Kxe3 Rxg3+ 51. Kf2 Ra3 52. Ke2 Ra5 53.
d6+ Ke6 54. Ke3 Ra4 55. Kf3 Ra7 56. Ke3 Kd5 57. Kd3 Ra3+ 58.
Ke2 Rb3 59. Kd2 Ke4 60. Ke2 Rb2+ 61.
Kf1 Rd2 62. Ke1 Rd5 0-1

[Event "Open NK Rapid 2025 bord 26-50"]
[Site "Helmond, Netherlands"]
[Date "2025.05.03"]
[Round "8.2"]
[White "Taams, Lisanne"]
[Black "De Wit, Evan"]
[Result "0-1"]
[TimeControl "15 min +5 sec increment"]
[WhiteFideId "1055852"]
[BlackFideId "1096389"]
[WhiteElo "2078"]
[BlackElo "1917"]

1. Nf3 Nf6 2. c4 g6 3. Nc3 Bg7 4. e4 d6 5. Be2 e5 6. d4 Nbd7 7. dxe5 Nxe5 8. Nxe5 dxe5 9. Qxd8+ Kxd8 10.
Bg5 h6 11. O-O-O+ Ke8 12. Nb5 hxg5 13. Nxc7+ Ke7 14. Nxa8 Nxe4 15. Rhf1 Rxh2 16. Nc7 g4 17. Nd5+ Ke8 18. Nc7+ Ke7 19. Nd5+ Ke8 20. Ne3 f5 21. Bd3 Nc5 22. Bc2 Kf7 23.
Rd5 Ne6 24. g3 Nd4 25. Rd8 Be6 26. Nd5 Nc6 27. Ra8 Bf8 28. b4 Nxb4 29. Nxb4 Bxb4 30. Rxa7 Bxc4 31. Rxb7+ Kf6 32. Rd1 Ba3+ 33.
Kb1 Rxf2 34. Ra7 Bf8 35. Rd8 Bh6 36. Rd6+ Kg5 37. Rc7 Bb5 38. Rc5 Be8 39. Re6 Bf7 40. Rd6 e4 41. Rd7 Be6 42.
Rd1 e3 43. Bd3 Kf6 44. Re1 Bxa2+ 45. Ka1 Be6 46. Rc6 Ke5 47. Kb1 Rd2 48. Bc2 Bd5 49. Rc8 Bg5 50. Re8+ Kd4 51. Kc1 Kc3 52.
Rc8+ Kd4 53. Re8 e2 54. Kb2 Be4 55. Rc8 Ke3 56. Kc1 Kf2 57. Rh1 e1=Q+ 0-1

[Event "Open NK Rapid 2025 bord 26-50"]
[Site "Helmond, Netherlands"]
[Date "2025.05.03"]
[Round "8.3"]
[White "Ritzerveld, Noah"]
[Black "Koppenens, Oscar"]
[Result "1-0"]
[TimeControl "15 min +5 sec increment"]
[WhiteFideId "1085760"]
[BlackFideId "1087940"]
[WhiteElo "2053"]
[BlackElo "1858"]

1. e4 c5 2. Nf3 e6 3. d4 cxd4 4. Nxd4 Nf6 5. Nc3 d5 6. exd5 exd5 7. Bd3 Nc6 8. Nxc6 bxc6 9. O-O Bc5 10. Re1+ Be6 11. Qf3 O-O 12. Bg5 Be7 13.
Ne2 h6 14. Bh4 c5 15. Nf4 Qd7 16. Nxe6 fxe6 17. Qh3 Rab8 18. Rxe6 Rb4 19. Rae1 Bd8 20. Bxf6 c4 21. Bxg7 Qxg7 22.
Rg6 cxd3 23. Qxh6 Bf6 24. Re7 Rf7 25. Re8+ Rf8 26. Rxf8+ Kxf8 27. Rxf6+ Kg8 28. Rg6 Rb7 29. cxd3 Re7 30. h4 Re1+ 31. Kh2 Re7 32. Qg5 Kf8 33. Rxg7 Re8 34. Rg8+ Kf7 35. Qg6+ Ke7 36.
Rxe8+ Kd7 37. Qe6+ Kc7 38. Rc8+ Kb7 39. Qd7+ Kb6 40. Rc6+ Kb5 41. Qxd5+ Kb4 42. h5 a6 43. h6 a5 44. h7 Ka4 45. h8=N Kb4 46. Nf7 Ka4 47. Ne5 Kb4 48. Nd7 a4 49.
Nb8 a3 50. Na6+ Ka4 51. b3# 1-0

[Event "Open NK Rapid 2025 bord 26-50"]
[Site "Helmond, Netherlands"]
[Date "2025.05.03"]
[Round "8.4"]
[White "Apon, Iwahn"]
[Black "Winter, Sven"]
[Result "0-1"]
[TimeControl "15 min +5 sec increment"]
[WhiteFideId "1056115"]
[BlackFideId "1092375"]
[WhiteElo "1987"]
[BlackElo "1869"]

1. Nf3 Nf6 2. c4 g6 3. d4 Bg7 4. g3 O-O 5. Bg2 d6 6. Nc3 Bg4 7. b3 Nbd7 8. Bb2 Re8 9. h3 Bxf3 10. Bxf3 c6 11. O-O e5 12. dxe5 dxe5 13. Qc2 Qc7 14.
e4 Nf8 15. Rad1 Ne6 16. Ne2 Rad8 17. h4 h5 18. Bc3 c5 19. Qb2 Nd4 20. Kg2 Qc8 21. Bxd4 exd4 22. Qb1 Nd7 23. Nc1 Ne5 24.
Be2 Qc6 25. f3 Bh6 26. f4 Ng4 27. Bxg4 hxg4 28. Rde1 f5 29. Nd3 Rxe4 30. Kh2 Bg7 31. Rf2 Rde8 32. b4 b6 33. bxc5 bxc5 34.
Ne5 Bxe5 35. fxe5 R8xe5 36. Rxe4 Qxe4 37. Qb8+ Re8 38. Qxa7 Qe1 39. Rg2 f4 40. Qc7 0-1

[Event "Open NK Rapid 2025 bord 26-50"]
[Site "Helmond, Netherlands"]
[Date "2025.05.03"]
[Round "8.5"]
[White "Kaufmann, Thomas"]
[Black "Neuwald, Johannes"]
[Result "1/2-1/2"]
[TimeControl "15 min +5 sec increment"]
[WhiteFideId "1084941"]
[BlackFideId "34683240"]
[WhiteElo "1939"]
[BlackElo "1839"]

1. e4 g6 2. d4 Bg7 3. Nc3 d6 4. Bg5 h6 5. Be3 Nd7 6. Qd2 a6 7. a4 b6 8. Bc4 e6 9. Nge2 Bb7 10. Ng3 Ne7 11. O-O Nf6 12.
f4 d5 13. e5 dxc4 14. exf6 Bxf6 15. Nce4 Bg7 16. c3 Nf5 17. Qe2 Bd5 18. Bf2 Nd6 19. Nxd6+ cxd6 20. Ne4 O-O 21. Bg3 Bxe4 22. Qxe4 d5 23. Qe3 Qd7 24.
Bh4 b5 25. a5 Rab8 26. Bg3 Rb7 27. Be1 Rfb8 28. Bd2 Bf8 29. Qh3 f5 30. g4 Qg7 31. Rae1 Re7 32. Re2 Rbe8 33. Rfe1 Qf6 34.
Kh1 fxg4 35. Qxg4 Qf5 36. Qg3 Bg7 37. Rg2 Kh7 38. Reg1 b4 39. Qxg6+ Qxg6 40. Rxg6 bxc3 41. Bxc3 Rf7 42.
h3 Bh8 43. R1g2 Rf6 44. R6g4 Ref8 45. Re2 Rg8 46. Kg2 Rxg4+ 47. hxg4 Kg6 48. Kg3 Kf7 49. Rh2 Bg7 50. Rh1 Bf8 51.
g5 Rg6 52. Kg4 hxg5 53. f5 exf5+ 54. Kxf5 Be7 55. Rh7+ Rg7 56. Rxg7+ Kxg7 57. Ke5 Kf7 58. Kxd5 g4 59. Be1 Kf6 60. Bh4+ Kf7 61. Bg3 Bb4 62. Kxc4 Bxa5 63. Kc5 Ke7 64.
Kd5 Kd7 65. Ke4 Ke6 66. d5+ Kf6 67. Kf4 Bc7+ 68. Kxg4 Bxg3 69. Kxg3 Ke5 70. d6 Kxd6 71. Kf3 Kc5 72. Ke3 Kc4 73. Kd2 Kb3 74. Kc1 1/2-1/2

[Event "Open NK Rapid 2025 bord 26-50"]
[Site "Helmond, Netherlands"]
[Date "2025.05.03"]
[Round "8.6"]
[White "Frederiks, Jesse"]
[Black "Nies, Levi"]
[Result "0-1"]
[TimeControl "15 min +5 sec increment"]
[WhiteFideId "1095790"]
[BlackFideId "1061275"]
[WhiteElo "1937"]
[BlackElo "1828"]

1. d4 d5 2. Nf3 Nf6 3. e3 e6 4. Bd3 Be7 5. Nbd2 b6 6. c4 Bb7 7. b3 Nbd7 8. Bb2 c5 9. O-O O-O 10. Ne5 cxd4 11. Nxd7 Qxd7 12.
Bxd4 Rfd8 13. Qe2 e5 14. Bc3 dxc4 15. Bxc4 Qc6 16. Nf3 b5 17. Bxe5 bxc4 18. Rac1 Ba6 19. Nd4 Qe4 20. bxc4 Rac8 21.
Bg3 Rxd4 22. Qb2 Rdd8 23. c5 Bxf1 24. Kxf1 Qd3+ 0-1

[Event "Open NK Rapid 2025 bord 26-50"]
[Site "Helmond, Netherlands"]
[Date "2025.05.03"]
[Round "8.7"]
[White "Leenen, Boyd"]
[Black "Ruzaykyn, Oleksandr"]
[Result "1-0"]
[TimeControl "15 min +5 sec increment"]
[WhiteFideId "1083937"]
[BlackFideId "1058134"]
[WhiteElo "1931"]
[BlackElo "1827"]

1. d4 Nf6 2. c4 e6 3. Nc3 d5 4. cxd5 exd5 5. Bg5 Nbd7 6. e3 c6 7. Bd3 Be7 8. Nge2 O-O 9. f3 Nh5 10.
Bxe7 Qxe7 11. Qd2 Re8 12. e4 dxe4 13. fxe4 b5 14. a3 Bb7 15. O-O g6 16. Rae1 Rad8 17. Kh1 Nf8 18. e5 Ne6 19.
Bb1 Qh4 20. Ne4 c5 21. Nd6 Rxd6 22. exd6 Nxd4 23. Nxd4 Rxe1 24. Qxe1 Qxd4 25. Qe8+ Kg7 26. Qxf7+ Kh6 27. Qxb7 Qxd6 28. Qf3 Qd2 29. Qf8+ Kg5 30. Qxc5+ Kh6 31. Qc1 1-0

[Event "Open NK Rapid 2025 bord 26-50"]
[Site "Helmond, Netherlands"]
[Date "2025.05.03"]
[Round "8.8"]
[White "Madularea, David"]
[Black "Cakmak, Metehan Tugra"]
[Result "1-0"]
[TimeControl "15 min +5 sec increment"]
[WhiteFideId "1070215"]
[BlackFideId "44583885"]
[WhiteElo "1921"]
[BlackElo "1787"]

1. e4 c5 2. c3 d5 3. d3 Nc6 4. Nd2 e5 5. Ngf3 d4 6. Nc4 Bd6 7. Be2 Bc7 8. a4 Be6 9. Nfd2 Qg5 10. g3 Nge7 11. Nb3 Qf6 12.
Nxc5 Bxc4 13. dxc4 b6 14.
Nd3 dxc3 15. bxc3 Rd8 16. Qc2 Qd6 17. Ba3 Qe6 18. O-O O-O 19. Rad1 Na5 20. c5 Nc4 21. Bb4 a5 22. cxb6 Bxb6 23. Bc5 Rb8 24. Bxb6 Nxb6 25.
Nb2 Rfc8 26. Bb5 Nc6 27. Qd2 Rd8 28. Qe3 Rdc8 29. Rd2 Na7 30. Rfd1 Nxb5 31. axb5 a4 32. Rd6 Qb3 33. Qxb6 Qxd1+ 34. Nxd1 Rxb6 35. Rxb6 Ra8 36. Ra6 Rxa6 37. bxa6 a3 38. a7 a2 39. a8=R# 1-0

[Event "Open NK Rapid 2025 bord 26-50"]
[Site "Helmond, Netherlands"]
[Date "2025.05.03"]
[Round "8.9"]
[White "Teianu, Sabin"]
[Black "Sleeckx, Alexander"]
[Result "1-0"]
[TimeControl "15 min +5 sec increment"]
[WhiteFideId "1095846"]
[BlackFideId "1091972"]
[WhiteElo "2089"]
[BlackElo "1813"]

1. d4 Nf6 2. c4 e6 3. Nc3 Bb4 4. Bd2 c5 5. dxc5 Bxc5 6. Nf3 O-O 7. g3 d5 8. cxd5 Nxd5 9. Bg2 Re8 10. O-O Nc6 11.
a3 Bf8 12. Qc2 g6 13. Nxd5 Qxd5 14. Bc3 Qh5 15. e3 e5 16. Rac1 Bg4 17. Nd2 Rac8 18. Ne4 Be7 19. Qa4 Be2 20.
Rfe1 b5 21. Qc2 Bf3 22. Bxf3 Qxf3 23. Nd2 Qh5 24. Qb3 a6 25. Red1 Qf5 26. Nf1 h5 27. Qd5 h4 28. Qd7 Qh5 29.
Bxe5 Red8 30. Rxc6 Qxd1 31. Qxd1 Rxd1 32. Rxc8+ 1-0

[Event "Open NK Rapid 2025 bord 26-50"]
[Site "Helmond, Netherlands"]
[Date "2025.05.03"]
[Round "8.10"]
[White "Ruben, Berend"]
[Black "Thijssen, Freek"]
[Result "0-1"]
[TimeControl "15 min +5 sec increment"]
[WhiteFideId "1084682"]
[BlackFideId "1091840"]
[WhiteElo "2074"]
[BlackElo "1790"]

1. e4 e5 2. Nf3 Nc6 3. d4 exd4 4. Bc4 Nf6 5. O-O Nxe4 6. Re1 d5 7. Bxd5 Qxd5 8. Nc3 Qa5 9. Nxe4 Be6 10.
Neg5 O-O-O 11. Nxe6 fxe6 12. Rxe6 Bd6 13. Bg5 Rde8 14. Qe2 Ref8 15. Re1 Qxa2 16. b3 Qa5 17. Qc4 Qc5 18. Qd3 Rxf3 19.
Qxf3 Qxg5 20. Qh3 Kd8 21. Qd3 Qh5 22. g3 Ne5 23. R1xe5 Bxe5 24. Qb5 Re8 25. Qd5+ Kc8 26. f4 Qd1+ 27.
Kf2 Qxc2+ 28. Kf1 Qd3+ 29. Kg2 Qe2+ 30. Kh3 Qh5+ 31. Kg2 Qe2+ 32. Kh3 Rd8 33. Rxe5 Rxd5 34. Rxe2 Rb5 35. Kg4 Rxb3 36. Kf5 Kd7 37. g4 c5 38. Ke5 Re3+ 0-1

[Event "Open NK Rapid 2025 bord 26-50"]
[Site "Helmond, Netherlands"]
[Date "2025.05.03"]
[Round "8.11"]
[White "Werkhoven, Maarten"]
[Black "Margaryan, Aren"]
[Result "0-1"]
[TimeControl "15 min +5 sec increment"]
[WhiteFideId "1014188"]
[BlackFideId "40105075"]
[WhiteElo "1822"]
[BlackElo "2054"]

1. Nc3 d5 2. e4 e6 3. Nf3 Nf6 4. exd5 exd5 5. d4 Be7 6. Bd3 O-O 7. O-O b6 8. Bg5 Bb7 9. Re1 h6 10.
Bh4 Nbd7 11. Ne5 Nxe5 12. Rxe5 Re8 13. Qd2 Nd7 14. Bxe7 Rxe7 15. Rxe7 Qxe7 16. Re1 Qf8 17. a3 Re8 18.
Rxe8 Qxe8 19. Qe3 Kf8 20. Qxe8+ Kxe8 21. f4 c5 22. dxc5 bxc5 23. Bb5 Ke7 24. Bxd7 Kxd7 25. Kf2 d4 26.
Nd1 c4 27. c3 d3 28. Ne3 Ba6 29. Nf5 Bb7 30. g3 Be4 31. Nxg7 Bg6 32. g4 Ke7 33. f5 Bh7 34. Ke3 Kf6 35.
Nh5+ Kg5 36. h3 Bxf5 37. gxf5 Kxh5 38. b3 cxb3 39. Kxd3 Kg5 40. c4 Kxf5 41. Kc3 Ke5 42. Kxb3 f5 43.
Kc3 Ke4 44. h4 h5 45. a4 a5 46. Kd2 Kd4 47. c5 Kxc5 48. Ke3 Kb4 49. Kf4 Kxa4 50. Kg5 Kb4 51. Kxh5 a4 52.
Kg5 a3 53. h5 a2 54. h6 a1=Q 55. h7 Qg7+ 0-1

[Event "Open NK Rapid 2025 bord 26-50"]
[Site "Helmond, Netherlands"]
[Date "2025.05.03"]
[Round "8.12"]
[White "Omnes, Tiago"]
[Black "Gotes Perez, Jaume"]
[Result "1-0"]
[TimeControl "15 min +5 sec increment"]
[WhiteFideId "1091867"]
[BlackFideId "2276801"]
[WhiteElo "1813"]
[BlackElo "2005"]

1. e4 e5 2. Nf3 Nc6 3. d4 exd4 4. Bc4 Nf6 5. e5 d5 6. Bb5 Ne4 7. Nxd4 Bd7 8. Bxc6 bxc6 9. O-O Be7 10. f3 Ng5 11. f4 Ne4 12. Nc3 Nxc3 13. bxc3 c5 14.
Nf3 Bf5 15. Be3 O-O 16. h3 f6 17. Qd2 Be4 18. exf6 Rxf6 19. Ng5 Rf8 20. Ne6 Qd6 21. Nxf8 Rxf8 22. Rae1 Qg6 23. Re2 c4 24.
Bd4 Bh4 25. Be5 c6 26. Bd4 Bg3 27. Be5 h5 28. Qe3 Bxc2 29. Rxc2 Qxc2 30. Qxg3 Rf7 31. f5 Kh7 32. Qg6+ Kg8 33.
Qxh5 Qe4 34. Bd4 a5 35. Qg6 a4 36. Qxc6 Kh7 37. Qxa4 Rxf5 38. Rxf5 Qxf5 39. Qd1 g6 40. a4 Qd7 41. a5 Qb5 42. Qa1 Qa6 43. Bb6 Kg7 44. Qa4 Kf6 45. Qc6+ Ke5 46. Bd4+ Ke4 47. Qxa6 1-0

[Event "Open NK Rapid 2025 bord 26-50"]
[Site "Helmond, Netherlands"]
[Date "2025.05.03"]
[Round "8.13"]
[White "Husers, Yannic"]
[Black "Seth, Aakrit"]
[Result "1/2-1/2"]
[TimeControl "15 min +5 sec increment"]
[WhiteFideId "1043587"]
[BlackFideId "34604812"]
[WhiteElo "2002"]
[BlackElo "1780"]

1. e4 c5 2. Nf3 d6 3. d4 cxd4 4.
Nxd4 Nf6 5. Nc3 g6 6. Be3 Bg7 7. f3 O-O 8. Qd2 Nc6 9. g4 Be6 10. h4 d5 11. g5 Nh5 12. O-O-O Ng3 13.
Rg1 Nxf1 14. Rgxf1 Nxd4 15. Bxd4 dxe4 16. Nxe4 Bxd4 17. Qxd4 Qa5 18. a3 Rac8 19. Qb4 Qxb4 20. axb4 Rc4 21. c3 Rfc8 22. Kd2 Bf5 23. Ke3 Kg7 24. Rf2 b6 25.
Ra1 Bxe4 26. fxe4 R8c7 27. Rd2 f5 28. Rd4 Rxd4 29. cxd4 fxe4 30. Kxe4 Kf7 31. Ke5 Rc4 32. Rxa7 Rxb4 33.
Rb7 Rxb2 34. d5 Re2+ 35.
Kf4 Rd2 36. Ke5 Re2+ 37. Kd4 Rd2+ 38. Kc4 Rd1 39. Rxb6 Rd2 40. Rb4 Rd1 41. Kc5 Rc1+ 42. Kd4 Rh1 43. Ke5 Re1+ 44. Re4 Rxe4+ 45. Kxe4 Ke8 46. Kf4 Kd8 47. Ke3 Kd7 48. Ke4 Kc7 49. Ke5 Kd7 50. Ke4 Kc7 51. Kd3 Kd7 52. Kc4 Kc7 53. Kc5 Kd7 54. Kc4 Kc7 55. Kd3 Kd7 56.
Ke4 Kc7 57. Ke5 Kd7 58. Kf4 Kd6 59. Ke4 e5 60. dxe6 Kxe6 61. Kf4 Kd5 62. Kg4 Ke4 63. h5 Ke5 64. hxg6 hxg6 65. Kg3 Kf5 66. Kh4 Kf4 67. Kh3 Kxg5 68. Kg3 Kf5 69. Kf3 g5 70.
Kg3 Ke5 1/2-1/2

[Event "Open NK Rapid 2025 bord 26-50"]
[Site "Helmond, Netherlands"]
[Date "2025.05.03"]
[Round "8.14"]
[White "Van Beek, Harmen"]
[Black "Den Heijer, Rolinde"]
[Result "0-1"]
[TimeControl "15 min +5 sec increment"]
[WhiteFideId "40100022"]
[BlackFideId "1068300"]
[WhiteElo "1806"]
[BlackElo "1991"]

1. e4 c5 2. Nf3 d6 3. Bb5+ Bd7 4. a4 a6 5. Bxd7+ Nxd7 6. O-O Ngf6 7. Re1 g6 8. d4 cxd4 9.
Nxd4 Bg7 10. c3 O-O 11. f3 Rc8 12. Be3 Ne5 13. Nd2 Qc7 14. Qe2 Rfd8 15. Red1 d5 16. Bf2 dxe4 17. Nxe4 Nh5 18.
Ng3 Nf4 19. Qe4 Nc4 20. Nge2 Nxb2 21. Rdb1 Nxe2+ 22. Nxe2 Rd2 23. Be1 Qc5+ 24. Kh1 Nd3 25. Rd1 Rxd1 26. Rxd1 Nxe1 27. Rxe1 b6 28.
Qd3 b5 29. axb5 axb5 30. Rb1 Rb8 31. h3 Be5 32. f4 Bd6 33. Rc1 Qf2 34. Rg1 Bxf4 35. Nxf4 Qxf4 36. Re1 e6 37. Re4 Qc7 38.
Rb4 Rd8 39. Rd4 Ra8 40. Qd1 Qxc3 41. Rd3 Qf6 42. Rf3 Ra1 0-1

[Event "Open NK Rapid 2025 bord 26-50"]
[Site "Helmond, Netherlands"]
[Date "2025.05.03"]
[Round "8.15"]
[White "Kolijn, David"]
[Black "Torn, Daniel"]
[Result "1-0"]
[TimeControl "15 min +5 sec increment"]
[WhiteFideId "1099213"]
[BlackFideId "1074490"]
[WhiteElo "1812"]
[BlackElo "1966"]

1. e4 c5 2. Nf3 Nc6 3. Bb5 g6 4. Bxc6 bxc6 5. c3 Bg7 6. d4 cxd4 7. cxd4 Ba6 8. Qa4 Bb5 9. Qa3 a5 10.
Nc3 Ba6 11. Be3 Nf6 12. h3 O-O 13. e5 Nd5 14. Nxd5 cxd5 15. O-O-O Qb6 16. Kb1 Rab8 17. Nd2 Rfc8 18. Nb3 e6 19.
Qxa5 Qa7 20. Ka1 Rb5 21. Qa3 Bf8 22. Nc5 Rb6 23. Qa4 Ra8 24. Rc1 Bc4 25. Qxa7 Rxa7 26. a3 d6 27. exd6 Bxd6 28.
g3 Kg7 29. h4 h5 30. Rhe1 Rc7 31. Rc2 Bxc5 32. dxc5 Rxc5 33. Bxc5 1-0

[Event "Open NK Rapid 2025 bord 26-50"]
[Site "Helmond, Netherlands"]
[Date "2025.05.03"]
[Round "8.16"]
[White "Darie, Aden"]
[Black "Demenko, Olexandr"]
[Result "1-0"]
[TimeControl "15 min +5 sec increment"]
[WhiteFideId "1094831"]
[BlackFideId "34118659"]
[WhiteElo "1941"]
[BlackElo "1735"]

1. Nc3 Nc6 2. Nf3 f5 3. e4 e5 4.
d4 exd4 5. Nxd4 fxe4 6. Qh5+ g6 7. Nxc6 gxh5 8. Nxd8 Kxd8 9. Bg5+ Be7 10. Nxe4 d5 11. O-O-O c6 12. c4 Bf5 13. Bxe7+ Kxe7 14. Ng3 Be6 15. cxd5 Bxd5 16. Be2 h4 17. Nf5+ Kf6 18. Nxh4 Re8 19.
Bf3 Bxa2 20. Rd7 Re7 21. Rd8 Bd5 22. Bxd5 cxd5 23. Rd1 Rc7+ 24. Kb1 Kg7 25. Nf5+ Kf7 26. R1xd5 h5 27. Ng3 Nf6 28.
Rxh8 Nxd5 29. Rxh5 Ke6 30. h4 Nb4 31. Rb5 Nd3 32. Ne4 a6 33. Rb6+ Ke5 34. f3 Rc1+ 35. Ka2 Rg1 36. Rg6 a5 37.
h5 b5 38. Rg5+ Kf4 39. Rxb5 Rxg2 40.
Nc5 Nxc5 41. Rxc5 Kxf3 42. Rxa5 Ke4 43. Rc5 Kd4 44. Rc8 Rh2 45. Rh8 Ke5 46. h6 Kf6 47.
h7 Kg7 48. Rg8+ Kxh7 49. Rg1 Rd2 50. Ka3 Rd8 51. b4 Ra8+ 52. Kb3 Rd8 53. b5 Rd4 54. Kc3 Re4 55. Rd1 Kg7 56. Rd4 Re5 57. Kc4 Kf7 58. Rd5 Re1 59.
b6 Ke6 60. Rd2 Re5 61. Rd8 Re4+ 62. Kc5 Ke7 63. b7 Re5+ 64. Rd5 Re6 65. b8=Q Re1 66. Qb7+ Kf6 67. Qc6+ Re6 68. Rd6 Kg7 69.
Qd7+ Kf8 70. Rxe6 Kg8 71. Re8# 1-0

[Event "Open NK Rapid 2025 bord 26-50"]
[Site "Helmond, Netherlands"]
[Date "2025.05.03"]
[Round "8.17"]
[White "Alhasan, Husam"]
[Black "Garay, Enzo"]
[Result "0-1"]
[TimeControl "15 min +5 sec increment"]
[WhiteFideId "11515090"]
[BlackFideId "40104125"]
[WhiteElo "1795"]
[BlackElo "1933"]

1. d4 e6 2. c4 Nf6 3. Nc3 Bb4 4. a3 Bxc3+ 5. bxc3 c5 6. e3 O-O 7. Bd3 b6 8. f3 d6 9. Ne2 Nc6 10. e4 e5 11. Be3 Qe7 12. g4 Bxg4 13. fxg4 Nxg4 14.
Qd2 exd4 15. cxd4 cxd4 16. Bf4 Nce5 17. Rg1 Nf3+ 18. Kd1 Nf2+ 19. Kc2 Nxd2 20. Kxd2 Nxe4+ 21. Kc2 d5 22. Nxd4 dxc4 23.
Bxc4 Nc5 24. Rae1 Qd7 25. Be5 g6 26. Bb5 Qd5 27. Nf5 Qb3+ 28. Kc1 h5 29. Ne7+ Kh7 30. Be2 0-1

[Event "Open NK Rapid 2025 bord 26-50"]
[Site "Helmond, Netherlands"]
[Date "2025.05.03"]
[Round "8.18"]
[White "Timmer, Michel"]
[Black "Meulmeester, Luuk"]
[Result "1-0"]
[TimeControl "15 min +5 sec increment"]
[WhiteFideId "40104524"]
[BlackFideId "40111776"]
[WhiteElo "1796"]
[BlackElo "1929"]

1. e4 c5 2. c3 Nf6 3. e5 Nd5 4. Nf3 Nc6 5. Bc4 Nb6 6. Bb3 d6 7. exd6 e6 8. O-O Bxd6 9. d4 cxd4 10.
cxd4 O-O 11. Nc3 Bd7 12. Re1 Ne7 13. Ne5 Ng6 14. Qf3 Qb8 15. Nxd7 Nxd7 16. g3 Nf6 17. Bg5 Be7 18. h4 Rd8 19.
Rad1 Qc7 20. h5 Nf8 21. d5 Qb6 22. h6 Re8 23. hxg7 Kxg7 24. d6 Bd8 25. Ba4 N6d7 26. Be3 Qb4 27.
Rd4 Qxb2 28. Rg4+ Kh8 29. Qxf7 Bf6 30. Rg8# 1-0

[Event "Open NK Rapid 2025 bord 26-50"]
[Site "Helmond, Netherlands"]
[Date "2025.05.03"]
[Round "8.19"]
[White "De Oude, Sybe"]
[Black "Ganeshram, Nirupa"]
[Result "1/2-1/2"]
[TimeControl "15 min +5 sec increment"]
[WhiteFideId "40110052"]
[BlackFideId "1083031"]
[WhiteElo "1914"]
[BlackElo "1679"]

1. e4 c5 2. Nc3 Nc6 3. f4 g6 4. Nf3 Bg7 5. Bb5 Nd4 6. O-O a6 7. Bc4 e6 8. a4 Ne7 9. Nxd4 Bxd4+ 10. Kh1 d5 11. exd5 exd5 12. Be2 O-O 13. d3 Nf5 14. Bf3 Re8 15. Re1 Be6 16. Ne2 Bf2 17. Rf1 Qh4 18. h3 Ng3+ 19.
Nxg3 Bxg3 20. Bg4 Bxg4 21. Qxg4 Qxg4 22. hxg4 Re2 23. c4 d4 24. b3 Rae8 25. Ba3 b6 26. a5 bxa5 27. Bxc5 Rb2 28. Rxa5 Rxb3 29. Rxa6 Rxd3 30.
Rd6 Rde3 31. Rxd4 Re1 32. Rd1 Rxd1 33. Rxd1 Bxf4 34. Bf2 Rc8 35. c5 Kf8 36. g3 Bc7 37. Kg2 Ke7 38. Kf3 Rd8 39.
Rxd8 Bxd8 40. Ke4 Ke6 41. Be3 g5 42. Kd4 h6 43. Ke4 Bc7 44. Bf2 Bb8 1/2-1/2

[Event "Open NK Rapid 2025 bord 26-50"]
[Site "Helmond, Netherlands"]
[Date "2025.05.03"]
[Round "8.20"]
[White "Kryshtopa, Dmytro"]
[Black "Jara Segovia, Jesus Javier"]
[Result "0-1"]
[TimeControl "15 min +5 sec increment"]
[WhiteFideId "34160876"]
[BlackFideId "3925439"]
[WhiteElo "1791"]
[BlackElo "1909"]

1. c4 Nf6 2. Nc3 d6 3. Nf3 g6 4. d4 Bg7 5. e4 c6 6. Be2 O-O 7. O-O a6 8. Be3 Ng4 9. Bg5 b5 10. b3 b4 11. Na4 Re8 12. Qd2 a5 13.
Rad1 Nf6 14. Qf4 Qc7 15. Bh6 Bh8 16. c5 Ba6 17. cxd6 exd6 18. Bxa6 Rxe4 19. Qd2 Nxa6 20. Ng5 Rh4 21.
Nf3 Re4 22. Ng5 Re7 23. Rfe1 Rae8 24. Rxe7 Rxe7 25. Nb2 d5 26. f3 Nb8 27. Nd3 Nfd7 28. Nf2 Nf6 29. Ngh3 Nbd7 30. Bf4 Qb6 31.
Bd6 Re6 32. Bf4 Qd8 33. Ng5 Re8 34. Rc1 Qb6 35. Be3 Nf8 36. Nd3 N6d7 37. Nc5 Nxc5 38. Rxc5 Ne6 39. Nxe6 Rxe6 40. Bf2 Bg7 41. Rc1 Qa6 42. Re1 Qc8 43.
Rxe6 Qxe6 44. Kf1 Qf5 45. Qe1 Qd3+ 46. Kg1 Bxd4 47. Qe8+ Kg7 48. Bxd4+ Qxd4+ 49. Kf1 c5 50. Qb5 c4 51.
Qxa5 c3 52. Qc7 0-1

[Event "Open NK Rapid 2025 bord 26-50"]
[Site "Helmond, Netherlands"]
[Date "2025.05.03"]
[Round "8.21"]
[White "Van Happen, Niels"]
[Black "Jansen, Marijn"]
[Result "0-1"]
[TimeControl "15 min +5 sec increment"]
[WhiteFideId "40101100"]
[BlackFideId "1089587"]
[WhiteElo "1782"]
[BlackElo "1880"]

1. e4 c6 2. d4 d5 3. e5 c5 4. c3 Nc6 5. Be2 cxd4 6.
cxd4 Bf5 7. Nf3 e6 8. O-O Nge7 9. Nc3 Bg6 10. Bf4 Nf5 11. Rc1 Be7 12. a3 a6 13. b4 Bh5 14. b5 axb5 15.
Nxb5 O-O 16. Rc3 Qa5 17. Qd3 Bg6 18. Qd2 Bh5 19. Qd3 Bxf3 20. Bxf3 Qb6 21. Be3 Ra4 22. Rd1 Rfa8 23. g4 Nxe3 24.
fxe3 R4a5 25. Rb1 Qd8 26. e4 Ra4 27. exd5 exd5 28. Bd1 R4a6 29. Bc2 g6 30. Qf3 Rb6 31. a4 Rc8 32. Rf1 Qe8 33.
Qxd5 Rd8 34. Qe4 Bb4 35. Rcf3 Rxb5 36. axb5 Nxd4 37. Rxf7 Nxc2 38. Rf8+ Bxf8 39. Qxc2 Qxe5 40. Qc4+ Kh8 41.
Qf7 Bc5+ 42. Kh1 Qe4+ 0-1